 Dungeon Crawl Stone Soup version 0.21-a0-163-g3aa3f5d (webtiles) character file.

25 namelastname112 the Twirler (level 2, -2/25 HPs)
             Began as a Draconian Wanderer on Aug 5, 2017.
             Killed by nerve-wracking pain
             ... invoked by Jessica
              (14 damage)
             ... on level 2 of the Dungeon.
             The game lasted 00:01:08 (1209 turns).

namelastname112 the Twirler (Draconian Wanderer)    Turns: 1209, Time: 00:01:10

Health: -2/25      AC:  4    Str: 13    XL:     2   Next: 82%
Magic:  3/3        EV: 12    Int: 14    God:
Gold:   168        SH:  0    Dex:  9    Spells: 1/1 levels left

rFire    . . .     SeeInvis .   b - +0 falchion
rCold    . . .     Gourm    .   (no shield)
rNeg     . . .     Faith    .   (armour unavailable)
rPois    .         Spirit   .   (helmet restricted)
rElec    .         Reflect  .   (no cloak)
rCorr    .         Harm     .   (no gloves)
MR       .....                  (no boots)
Stlth    +.........             f - amulet of regeneration
HPRegen  0.48/turn              (no ring)
MPRegen  0.08/turn              (no ring)

@: slowed, very slow
A: unfitting armour, cold-blooded, AC +4
a: no special abilities


You were on level 2 of the Dungeon.
You were not hungry.

You visited 1 branch of the dungeon, and saw 2 of its levels.

You collected 168 gold pieces.

Inventory:

Hand Weapons
 b - a +0 falchion (weapon)
Jewellery
 f - an amulet of regeneration (around neck)
Scrolls
 e - 2 scrolls of identify {unknown}
 g - a scroll of amnesia {unknown}
 i - 2 scrolls of remove curse {unknown}
Potions
 h - a potion of heal wounds {unknown}
Miscellaneous
 a - a lamp of fire
Comestibles
 c - 2 meat rations
 d - 3 bread rations
 j - 2 chunks of flesh


   Skills:
 + Level 2.4 Fighting
 * Level 1.3 Long Blades
   Level 2.0 Axes
   Level 3.0 Staves
 + Level 1.5 Dodging
 - Level 1.0 Stealth
 - Level 2.0 Evocations


You had one spell level left.
You didn't know any spells.

Dungeon Overview and Level Annotations

Branches:
Dungeon (2/15)

Altars:
Trog
Uskayaw
Zin

Annotations:
D:2 Jessica


Innate Abilities, Weirdness & Mutations

Your plain brown scales are hard. (AC +4)
You cannot fit into any form of body armour.
You are cold-blooded and may be slowed by cold attacks.


Message History

Jessica is moderately wounded.
The quokka completely misses you.
You riposte.
You barely miss the quokka. Jessica hits you with a dagger.
The quokka barely misses you.
You riposte.
You closely miss the quokka. You tail-slap the quokka.
The quokka is moderately wounded.
Jessica hits you with a dagger.
You take 2 damage, and have 18/25 hp.
You hit Jessica.
Jessica is heavily wounded.
The quokka bites you.
Jessica gestures wildly while chanting.
Jessica seems to speed up.
You hit Jessica.
Jessica is almost dead.
Jessica casts a spell at you.
You feel yourself slow down. The quokka bites you.
Jessica gestures at you while chanting. Pain shoots through your body!
Ouch! That really hurt!
You die...

#......####.............###.#....
#...........................#....
###........................##.#..
#..................†.....##.#..
#...............#........##.#..
#..........#####................
#.........##?.!##..........#+#..
#.........#...@.#.......).......
#.........#...r@'.......#.......
#.........#.....#.......#.......
.........##?.?##.....####+#....
......#..#### ..#...# #.... #..
.....##........#...# #....
#..................#..... #....
#....#.............+........#....
#.... #............#........#....
#....##............#...#....#....


You could see Jessica and a quokka.

Vanquished Creatures
  A dart slug (D:1)
  5 bats
  A giant cockroach (D:2)
  5 goblins
  4 hobgoblins
  6 rats
22 creatures vanquished.

Notes
Turn   | Place    | Note
-------+----------+-------------------------------------------
     0 | D:1      | namelastname112 the Draconian Wanderer began the quest for the Orb.
     0 | D:1      | namelastname112 set off with: a lamp of fire, a +0 falchion, a +0 quarterstaff, a bread ration
     0 | D:1      | Reached XP level 1. HP: 17/17 MP: 2/2
   192 | D:1      | Reached skill level 1 in Dodging
   198 | D:1      | Reached skill level 1 in Long Blades
   198 | D:1      | Reached XP level 2. HP: 5/24 MP: 3/3
   838 | D:2      | Found a bloodstained altar of Trog.
   904 | D:2      | Found a hide-covered altar of Uskayaw.
   909 | D:2      | Found a glowing silver altar of Zin.
  1202 | D:2      | Noticed Jessica
  1209 | D:2      | Killed from afar by Jessica

Vault maps used:
D:1:      dpeg_arrival_leaves_temple_mockup
D:2:      lemuel_crystal_altar, minitemple, first_bread,
          kennysheep_jessica_study

Skill      XL: |  1 |
---------------+----+-----
Dodging        | 1 |  1.5
Long Blades    | 1 |  1.3
Fighting       | |  2.4
Axes           | |  2.0
Staves         | |  3.0
Stealth        | |  1.0
Evocations     | |  2.0

Action                   || total
-------------------------++-------
Melee: Falchion          ||    68
       Tailslap          ||     7
 Stab: Sleeping          ||     2
  Eat: Chunk             ||     1
Armor: Skin              ||    35
Dodge: Dodged            ||    45
       Rpst.: Falchion   ||    17
